 Dungeon Crawl Stone Soup version 0.31-a0-867-g9b2fd80f0c (webtiles) character file.

Game seed: 1123119486543877219

3 EiAlmux the Cutter (level 1, -2/16 HPs)
             Began as a Demonspawn Gladiator on Oct 11, 2023.
             Slain by a quokka (4 damage)
             ... on level 1 of the Dungeon.
             The game lasted 00:00:42 (83 turns).

EiAlmux the Cutter (Demonspawn Gladiator)             Turns: 83, Time: 00:00:43

Health: -2/16      AC:  4    Str: 14    XL:     1   Next: 41%
Magic:  1/1        EV: 12    Int:  9    God:
Gold:   0          SH:  0    Dex: 14    Spells: 0/0 levels left

rFire   . . .        a - +0 rapier
rCold   . . .        (no shield)
rNeg    . . .        b - +0 leather armour
rPois   .            c - +0 helmet
rElec   .            (no cloak)
rCorr   .            (no gloves)
SInv    .            (no boots)
Will    .....        (no amulet)
Stlth   +            (no ring)
HPRegen 0.22/turn    (no ring)
MPRegen 0.07/turn

%: no passive effects
@: no status effects
A: no striking features
a: no special abilities


You were on level 1 of the Dungeon.
You visited 1 branch of the dungeon, and saw 1 of its levels.

Inventory:

Hand Weapons
 a - a +0 rapier (weapon)
Missiles
 d - 3 throwing nets (quivered)
 e - a javelin
Armour
 b - a +0 leather armour (worn)
 c - a +0 helmet (worn)
Talismans
 f - a serpent talisman


   Skills:
 + Level 2.0 Fighting
 + Level 2.7 Short Blades
 + Level 1.8 Throwing
 + Level 2.7 Dodging


You couldn't memorise any spells.
You didn't know any spells.
Your spell library was empty.

Dungeon Overview and Level Annotations

Branches:
Dungeon (1/15)

Altars:


Message History

You hit the ball python.
You kill the ball python!
A quokka comes into view. x2
The kobold throws a stone.
The stone hits you.
You see here a ball python corpse.
You barely miss the quokka. The quokka bites you.
You hit the quokka.
The quokka is moderately wounded.
The quokka barely misses you.
You barely miss the quokka.
The quokka is moderately wounded.
The quokka barely misses you.
The kobold throws a stone.
The stone barely misses you.
You hit the quokka.
The quokka is heavily wounded.
The quokka bites you.
The quokka bites you but does no damage.
You closely miss the quokka.
The quokka is heavily wounded.
The kobold throws a stone.
The stone closely misses you. The quokka bites you.
The quokka closely misses you.
You hit the quokka but do no damage.
The quokka is heavily wounded.
The quokka bites you. The quokka misses you. The quokka misses you.
The quokka bites you.
* * * LOW HITPOINT WARNING * * *
The quokka attacks as it pursues you! The quokka bites you.
* * * LOW HITPOINT WARNING * * *
The quokka closely misses you.
The quokka bites you but does no damage.
You barely miss the quokka.
The quokka is heavily wounded.
The quokka misses you. x2
You aren't carrying any potions.
Okay, then.
You aren't carrying any scrolls.
You hit the quokka.
The quokka is heavily wounded.
The quokka closely misses you. The quokka bites you.
You die...

##### #....# ### ......#.
#.. #....... ... ##.....#
#.# ### #......# #.# ....
#......#### #.# .....
.....>....#####'####......
#...............@rK.......
#................r........
#...######.............###
.....[...#..............#
.........#..............#
.........#............[.#
.........#.........)....#
.........#..........(...#
########...........


You could see 2 quokkas and a kobold.

Vanquished Creatures
  An endoplasm (D:1)
  A giant cockroach (D:1)
  A ball python (D:1)
3 creatures vanquished.

Notes
Turn   | Place    | Note
-------+----------+-------------------------------------------
     0 | D:1      | EiAlmux the Demonspawn Gladiator began the quest for the
                  | Orb.
     0 | D:1      | Reached XP level 1. HP: 16/16 MP: 1/1
     0 | D:1      | Noticed a barachi
     1 | D:1      | Noticed a vampire
     1 | D:1      | Noticed a ghoul
     3 | D:1      | Noticed a vine stalker
     5 | D:1      | Noticed a formicid
     7 | D:1      | Noticed a vampire
    10 | D:1      | Noticed a gargoyle
    12 | D:1      | Noticed a felid
    12 | D:1      | Noticed a formicid
    13 | D:1      | Noticed a human
    15 | D:1      | Noticed an ogre
    17 | D:1      | Noticed a demigod
    17 | D:1      | Noticed an octopode
    19 | D:1      | Noticed a minotaur
    19 | D:1      | Noticed a tengu
    83 | D:1      | Slain by a quokka

Illustrated notes

Levels and vault maps discovered:
D:1:      shiori_arrival_whats_in_store_for_you, layout_basic,
          shapermc_ecumenical_altar_notcrosses

Action                     || total
---------------------------++-------
  Melee: Rapier            ||    14
 Armour: Leather armour    ||    13
  Dodge: Dodged            ||    17

Table legend: (Time is in decaauts)
 A = Elapsed time spent in this place.
 B = Non-inter-level travel time spent in this place.
 C = Inter-level travel time spent in this place.
 D = Time resting spent in this place.
 E = Time spent auto-exploring this place.
 F = Levels seen in this place.
 G = Mean time per level.
                   A        B        C        D        E       F      G
               +--------+--------+--------+--------+--------+-----+--------+
         Total |     83 |     83 |      0 |      0 |     43 |   1 |   83.0 |
       Dungeon |     83 |     83 |      0 |      0 |     43 |   1 |   83.0 |
               +--------+--------+--------+--------+--------+-----+--------+

Top non-repeatable levels by time:
     D:1: 83 daAuts
